 Dungeon Crawl Stone Soup version 0.29.1-12-g30fa7ad0bf (webtiles) character file.

Game seed: 17140974894761086333

13 CaptainMV the Ruffian (level 2, -7/23 HPs)
             Began as a Draconian Transmuter on Dec 13, 2022.
             Was a Follower of Qazlal.
             Mangled by a gnoll
             ... wielding a +0 halberd
              (8 damage)
             ... on level 2 of the Dungeon.
             The game lasted 00:12:31 (1106 turns).

CaptainMV the Ruffian (Draconian Transmuter)        Turns: 1106, Time: 00:12:31

Health: -7/23      AC:  4    Str: 18    XL:     2   Next: 24%
Magic:  4/5        EV: 12    Int: 13    God:    Qazlal [*.....]
Gold:   59         SH:  1    Dex: 11    Spells: 4/5 levels left

rFire   . . .      SeeInvis .     - Unarmed
rCold   . . .      Faith    .   (no shield)
rNeg    . . .      Spirit   .   (body armour unavailable)
rPois   .          Reflect  .   (helmet currently unavailable)
rElec   .          Harm     .   (no cloak)
rCorr   .          Rampage  .   (no gloves)
Will    .....                   (boots currently unavailable)
Stlth   +.........              (no amulet)
HPRegen 0.07/turn               c - +6 ring of strength
MPRegen 0.09/turn               (no ring)

@: appendages (expiring)
A: horns 2, talons 2, AC +4, unfitting armour, cold-blooded
a: End Transformation, Renounce Religion


You were on level 2 of the Dungeon.
You worshipped Qazlal.
Qazlal was aware of your devotion.
You had temporarily grown beastly horns and talons.
You visited 1 branch of the dungeon, and saw 2 of its levels.

You collected 59 gold pieces.

Inventory:

Armour
 e - a +2 hat (melded)
Jewellery
 c - a +6 ring of strength (left hand)
Scrolls
 b - a scroll of identify {unknown}
 f - a scroll of enchant weapon {unknown}
Potions
 a - a potion of lignification
 d - a potion of curing {unknown}


   Skills:
 + Level 1.2 Fighting
 + Level 2.0 Dodging
 + Level 3.3 Unarmed Combat
 + Level 2.1 Spellcasting
 + Level 2.1 Transmutations


You had 4 spell levels left.
You knew the following spells:

 Your Spells              Type           Power      Damage    Failure   Level
a - Beastly Appendage     Tmut           12%        N/A       11%         1

Your spell library contained the following spells:

 Spells                   Type           Power      Damage    Failure   Level
 Wereblood                Tmut           6%         N/A       16%         2
 Spider Form              Tmut/Pois      4%         N/A       43%         3
 Ice Form                 Ice/Tmut       4%         N/A       85%         4


Dungeon Overview and Level Annotations

Branches:
Dungeon (2/15)

Altars:
Qazlal


Innate Abilities, Weirdness & Mutations

You have temporarily grown beastly horns and talons.
Your plain brown scales are hard. (AC +4)
You cannot fit into any form of body armour.
You are cold-blooded and may be slowed by cold attacks.


Message History

You are already empty-handed.
A gnoll comes into view. It is wielding a +0 hand axe.
Found a club.
The gnoll shouts!
The gnoll barely misses you. The giant cockroach misses you.
You hit the gnoll.
The gnoll is moderately wounded.
The gnoll hits you with a +0 halberd. The gnoll closely misses you.
A gnoll comes into view. It is wielding a +0 halberd.
The giant cockroach bites you.
You barely miss the gnoll.
The gnoll is moderately wounded.
The giant cockroach bites you but does no damage.
The gnoll closely misses you.
The gnoll hits you from afar with a +0 spear.
A hobgoblin comes into view.
The rat misses you. The giant cockroach bites you.
You hit the gnoll.
The gnoll is heavily wounded.
The giant cockroach closely misses you.
The giant cockroach bites you but does no damage.
The gnoll closely misses you.
The gnoll hits you from afar with a +0 spear!
* * * LOW HITPOINT WARNING * * *
The kobold hits you but does no damage. The rat barely misses you.
You barely miss the rat. You claw the rat.
You kill the rat!
Qazlal accepts your kill.
The giant cockroach bites you but does no damage. x2
The gnoll barely misses you. The kobold hits you but does no damage.
The gnoll hits you with a +0 halberd.
* * * LOW HITPOINT WARNING * * *
The giant cockroach bites you.
* * * LOW HITPOINT WARNING * * *
The giant cockroach barely misses you.
You hit the gnoll but do no damage.
The gnoll is heavily wounded.
Your transformation is almost over.
The gnoll hits you with a +0 halberd!
You die...

...#.##.#)#
........#'#####
#.............#
#......g......#
#....g........#
...g........#
#.BgK.....#
#.B@†.....#
#.........#
#.........#
#.........#
#..)......#
#.........#
#.........######
#..............#
##########.....#


You could see 3 gnolls, 2 giant cockroaches, a hobgoblin and a kobold.

Vanquished Creatures
  2 ball pythons
  An endoplasm (D:1)
  A goblin (D:1)
  A hobgoblin (D:1)
  3 jackals (D:1)
  2 frilled lizards (D:1)
  A kobold (D:1)
  A rat (D:2)
12 creatures vanquished.

Vanquished Creatures (others)
  2 demonic plants (D:1)
2 creatures vanquished.

Grand Total: 14 creatures vanquished

Notes
Turn   | Place    | Note
-------+----------+-------------------------------------------
     0 | D:1      | CaptainMV the Draconian Transmuter began the quest for the
                  | Orb.
     0 | D:1      | Reached XP level 1. HP: 16/16 MP: 3/3
   454 | D:1      | Reached XP level 2. HP: 23/23 MP: 3/5
   537 | D:1      | Found a faded altar of an unknown god.
   537 | D:1      | Noticed a balrug
   545 | D:1      | Prayed at the altar of an unknown god.
   545 | D:1      | Became a worshipper of Qazlal Stormbringer
   545 | D:1      | Reached * piety under Qazlal
  1105 | D:2      | HP: 1/23 [giant cockroach (1)]
  1106 | D:2      | Mangled by a gnoll

Illustrated notes

Levels and vault maps discovered:
D:1:      psy_arrival_fountain, layout_loops_corners, serial_rivers,
          chequers_serial_rivers_marsh, chequers_serial_rivers_large_a,
          chequers_serial_rivers_small_3, chequers_serial_rivers_small_3,
          dreamdust_ecumenical_altar_sealed_demon
D:2:      layout_basic, kennysheep_generic_room_3, uniq_crazy_yiuf_cottage

Skill      XL: |  1 |
---------------+----+-----
Dodging        | 2 |  2.0
Fighting       | |  1.2
Unarmed Combat | |  3.3
Spellcasting   | |  2.1
Transmutations | |  2.1

Action                   || total
-------------------------++-------
Melee: Unarmed           ||    39
       Kick              ||     5
       Punch             ||     3
       Headbutt          ||     1
       Tailslap          ||     1
 Cast: Beastly Appendage ||     8
Armor: Skin              ||    14
Dodge: Dodged            ||    25
